cohdb
Replays
Latest Replays
All Replays
Popular Replays
Top Player Replays
Match Explorer
How It Works
Community
CoH3 Stats
Reddit
Sign in to upload your games and track your stats! →
Sign in with Steam
Match 42984952
Unlisted
Match 42984952
Overview
Messages
Build Orders
End
Construct Infanterie Kompanie
Selects Terror Battlegroup
MG 42 Machine Gun Team
Grenadier Squad
GrW 34 Mortar Team
Grenadier Squad
Construct Luftwaffe Kompanie
Selects Contempt for the Weak
Jäger Squad
Support Elements
Wirbelwind Flakpanzer
Luftwaffe Officer Quarters
Medical Station
Jäger Squad
Selects Jericho Trumpet
Selects Heavy Gunnery
Construct Panzer Kompanie
Selects No Quarter
Stoßtruppen Squad
Panzer IV Medium Tank
Panzer Officer Quarters
Jericho Trumpet
Panzer IV Medium Tank
Selects V1 Rocket Strike
Pretoryan
Valar[M]orgHulis
nexnbb
Spacejelly
Ouraganco
Stofpoeper
Hootch
2289090854
0
0
Comments
sign in to comment!
No comments posted yet!